 Dungeon Crawl Stone Soup version 0.27.1 (webtiles) character file.

Game seed: 4104874944437877301

28 Atelerd the Sneak (level 3, -1/21 HPs)
             Began as an Octopode Earth Elementalist on Sept 2, 2021.
             Slain by a gnoll (6 damage)
             ... on level 2 of the Dungeon.
             The game lasted 00:00:34 (1069 turns).

Atelerd the Sneak (Octopode Earth Elementalist)     Turns: 1069, Time: 00:00:35

Health: -1/21      AC:  1    Str:  7    XL:     3   Next: 14%
Magic:  5/6        EV: 13    Int: 18    God:
Gold:   46         SH:  0    Dex: 12    Spells: 5/6 levels left

rFire    . . .     SeeInvis .   (no weapon)
rCold    . . .     Faith    .   (no shield)
rNeg     . . .     Spirit   .   (helmet restricted)
rPois    .         Reflect  .   (no amulet)
rElec    .         Harm     .   (no ring)
rCorr    .         Rampage  .   (no ring)
Will     .....                  (no ring)
Stlth    +++.......             (no ring)
HPRegen  0.07/turn              (no ring)
MPRegen  0.10/turn              (no ring)
                                (no ring)
                                (no ring)

@: no status effects
A: almost no armour, amphibious, 8 rings, camouflage 1, gelatinous body 1,
(nimble swimmer 1), tentacles
a: no special abilities


You were on level 2 of the Dungeon.
You visited 1 branch of the dungeon, and saw 2 of its levels.

You collected 46 gold pieces.

Inventory:

Missiles
 b - 19 stones
Scrolls
 a - 2 scrolls of blinking {unknown}
 c - a scroll of amnesia {unknown}
 d - a scroll of identify {unknown}
 e - a scroll of enchant armour {unknown}


   Skills:
 - Level 2.0 Dodging
 * Level 3.7 Stealth
 + Level 2.3 Spellcasting
 + Level 1.5 Transmutations
 + Level 3.2 Earth Magic


You had 5 spell levels left.
You knew the following spells:

 Your Spells              Type           Power      Damage    Failure   Level
a - Sandblast             Erth           26%        2d8       4%          1

Your spell library contained the following spells:

 Spells                   Type           Power      Damage    Failure   Level
 Passwall                 Tmut/Erth      8%         N/A       10%         2
 Sublimation of Blood     Necr           1%         N/A       26%         2
 Stone Arrow              Conj/Erth      14%        3d7       26%         3
 Petrify                  Tmut/Erth      10%        N/A       54%         4
 Irradiate                Conj/Tmut      2%         3d14      98%         5


Dungeon Overview and Level Annotations

Branches:
Dungeon (2/15)

Altars:


Innate Abilities, Weirdness & Mutations

You cannot wear most types of armour.
You are amphibious.
You can wear up to eight rings at the same time.
Your skin changes colour to match your surroundings (Stealth+).
Your rubbery body absorbs attacks. (AC +1, EV +1)
((You are camouflaged near water. (Stealth+)))
You have tentacles for arms and can constrict up to eight enemies at once.


Message History

A ball python is nearby!
The blast of sand hits the ball python!
You kill the ball python!
Key pressed, stopping explore.
No target in view!
You can't see any susceptible monsters within range! (Use Z to cast anyway.) No target in view!
You see here a +0 plate armour.
e - a scroll labelled ZOIGIOPHUX You can't see any susceptible monsters within range! (Use Z to cast anyway.) No target in view! 2 gnolls come into view.
The gnoll shouts! x2; You hear a shout!
A bat comes into view.
The bat moves out of view.
You can't see any susceptible monsters within range! (Use Z to cast anyway.)
A gnoll comes into view. It is wielding a +0 whip.
There are monsters nearby!
The blast of sand hits the gnoll!
The gnoll is heavily wounded.
A gnoll comes into view. It is wielding a +0 spear.
The gnoll hits you from afar with a +0 spear!
The bat hits you. The gnoll hits you with a +0 spear!
* * * LOW HITPOINT WARNING * * *
The gnoll closely misses you.
A frilled lizard comes into view.
There are monsters nearby!
You are too injured to fight recklessly!
You are too injured to fight recklessly!
There are monsters nearby!
You are too injured to fight recklessly!
There are monsters nearby!
You are too injured to fight recklessly!
You are too injured to fight recklessly!
There are monsters nearby!
You are too injured to fight recklessly!
Unknown command.
Unknown command.
The gnoll hits you from afar with a +0 spear.
You die...

#..# ##.#.........
#..####.#.#...>...
#.......#.#.......
##.######.###....#
#.# ###.###....#
#.# #.....#....#
#.####.###.#.####
.###g####......#
#...#
...g.ggb@..###.#
#.### ...........#
...# l###########
#####


You could see 4 gnolls and a bat.

Vanquished Creatures
  A gnoll (D:1)
  2 endoplasms
  3 giant cockroaches
  A goblin (D:1)
  3 hobgoblins (D:1)
  A kobold (D:2)
  A quokka (D:1)
  3 ball pythons
  2 rats (D:1)
17 creatures vanquished.

Notes
Turn   | Place    | Note
-------+----------+-------------------------------------------
     0 | D:1      | Atelerd the Octopode Earth Elementalist began the quest for
                  | the Orb.
     0 | D:1      | Reached XP level 1. HP: 11/11 MP: 3/3
   216 | D:1      | Reached XP level 2. HP: 17/17 MP: 3/5
   753 | D:1      | Reached XP level 3. HP: 21/21 MP: 4/6
   847 | D:1      | Found a faded altar of an unknown god.
  1069 | D:2      | Slain by a gnoll

Illustrated notes

Levels and vault maps discovered:
D:1:      scummos_arrival_gate, layout_basic,
          hellmonk_ecumenical_altar_inner_sanctum, serial_bayou_pond_d,
          minmay_3d_cube
D:2:      layout_loops_ring

Skill      XL: |  1 |
---------------+----+-----
Stealth        | 3 |  3.7
Dodging        | |  2.0
Spellcasting   | |  2.3
Transmutations | |  1.5
Earth Magic    | |  3.2

Action                   || total
-------------------------++-------
Melee: Unarmed           ||     5
       Constrict         ||     1
 Cast: Sandblast         ||    24
Dodge: Dodged            ||     5
